 Dungeon Crawl Stone Soup version 0.23-a0-78-gc252fe1 (webtiles) character file.

106 mopl the Skirmisher (level 5, -1/42 HPs)
             Began as a Formicid Wanderer on Aug 10, 2018.
             Slain by Terence
             ... wielding a +0 flail
              (3 damage)
             ... on level 3 of the Dungeon.
             The game lasted 00:02:57 (2105 turns).

mopl the Skirmisher (Formicid Wanderer)             Turns: 2105, Time: 00:02:57

Health: -1/42      AC: 12    Str: 15    XL:     5   Next: 10%
Magic:  5/5        EV:  4    Int: 14    God:
Gold:   182        SH:  0    Dex: 10    Spells: 4/4 levels left

rFire    . . .     SeeInvis +   g - +0 hand axe
rCold    . . .     Gourm    .   (no shield)
rNeg     . . .     Faith    .   d - +0 plate armour
rPois    .         Spirit   .   (helmet unavailable)
rElec    .         Reflect  .   (no cloak)
rCorr    .         Harm     .   i - +0 pair of gloves
MR       .....                  (no boots)
Stlth    ..........             (no amulet)
HPRegen  0.14/turn              (no ring)
MPRegen  0.09/turn              (no ring)

@: no status effects
A: permanent stasis, dig shafts and tunnels, four strong arms, antennae 3
a: Dig, Shaft Self


You were on level 3 of the Dungeon.
You were not hungry.

You visited 1 branch of the dungeon, and saw 3 of its levels.

You collected 182 gold pieces.

Inventory:

Hand Weapons
 g - a +0 hand axe (weapon)
Missiles
 l - 8 javelins (quivered)
 m - 3 tomahawks
 q - 27 poisoned needles
Armour
 d - a +0 plate armour (worn)
 i - a +0 pair of gloves (worn)
 s - a +0 buckler
Scrolls
 a - a scroll of fear
 c - 3 scrolls of identify {unknown}
 h - a scroll of immolation {unknown}
 j - 2 scrolls of noise {unknown}
 k - 5 scrolls of teleportation {unknown}
 n - 3 scrolls of enchant weapon {unknown}
 o - a scroll of blinking {unknown}
 p - a scroll of remove curse {unknown}
Potions
 b - 2 potions of heal wounds
 e - a potion of brilliance {unknown}
 r - a potion of magic {unknown}
 t - a potion of mutation {unknown}
 v - a potion of invisibility {unknown}
Comestibles
 f - 3 rations
 u - 3 chunks of flesh


   Skills:
 + Level 4.2 Fighting
 * Level 2.4 Axes
 + Level 2.4 Armour
 - Level 1.2 Shields
 - Level 2.0 Unarmed Combat
   Level 3.0 Necromancy
   Level 1.1 Evocations


You had 4 spell levels left.
You didn't know any spells.
Your spell library contained the following spells:

 Spells                   Type           Power        Failure   Level  Hunger
 Animate Skeleton         Necr           N/A          100%        1    ##.....
 Regeneration             Chrm/Necr      #.........   100%        3    ####...


Dungeon Overview and Level Annotations

Branches:
Dungeon (3/15)

Altars:
Okawaru
Qazlal
Sif Muna
Xom

Annotations:
D:3 Terence


Innate Abilities, Weirdness & Mutations

You cannot be hasted, slowed, berserked, paralysed or teleported.
You can dig through walls and to a lower floor.
Your four strong arms can wield two-handed weapons with a shield.
You have a pair of large antennae on your head. (SInv)


Message History

The orc priest begins to cast a cantrip, but forgets the words!
The orc completely misses you. The kobold barely misses you.
Unknown command.
You completely miss the orc priest.
The orc priest is lightly wounded.
You hit the kobold. You hit Terence but do no damage. You closely miss the orc.
Terence hits you but does no damage. The orc priest barely misses you.
The orc hits you but does no damage. The kobold hits you but does no damage.
Unknown command.
You hit the orc priest.
The orc priest is moderately wounded.
You hit the orc.
Your plate armour prevents you from hitting Terence.
You hit the kobold.
You kill the kobold!
The orc priest calls down the wrath of Beogh upon you.
Pain shoots through your body!
* * * LOW HITPOINT WARNING * * *
Terence hits you with a flail.
You die...

#..# ##.# #.# {
#.######.#
#........#
##..####.# #..#
##†## #@@# #oo#
#oo.......
........###
.............
#...........###
########.##.#
#)# .# #.# ..
#########


You could see Terence, an orc priest and 3 orcs.

Vanquished Creatures
  Jessica (D:2)
  An adder (D:2)
  An ooze (D:2)
  2 worms (D:3)
  A dart slug (D:1)
  2 leopard geckos (D:1)
  3 orcs (D:3)
  8 bats
  2 giant cockroaches (D:1)
  8 goblins
  10 hobgoblins
  4 frilled lizards
  4 kobolds
  5 rats
52 creatures vanquished.

Notes
Turn   | Place    | Note
-------+----------+-------------------------------------------
     0 | D:1      | mopl the Formicid Wanderer began the quest for the Orb.
     0 | D:1      | mopl set off with: a scroll of fear, a potion of heal wounds, a +0 short sword, a +0 robe, a ration
     0 | D:1      | Reached XP level 1. HP: 18/18 MP: 1/1
    87 | D:1      | Reached skill level 1 in Armour
    87 | D:1      | Reached XP level 2. HP: 15/24 MP: 2/2
   481 | D:1      | Reached XP level 3. HP: 13/30 MP: 3/3
   777 | D:1      | Reached skill level 1 in Axes
  1135 | D:2      | Found a stormy altar of Qazlal.
  1146 | D:2      | Reached skill level 4 in Fighting
  1316 | D:2      | Noticed Jessica
  1330 | D:2      | Killed Jessica
  1330 | D:2      | Reached skill level 2 in Axes
  1330 | D:2      | Reached skill level 2 in Armour
  1330 | D:2      | Reached XP level 4. HP: 31/37 MP: 4/4
  1627 | D:2      | Found an iron altar of Okawaru.
  1660 | D:2      | Found a deep blue altar of Sif Muna.
  1662 | D:2      | Found an iron altar of Okawaru.
  1662 | D:2      | Found a shimmering altar of Xom.
  1664 | D:2      | Found a shimmering altar of Xom.
  1664 | D:2      | Found a shimmering altar of Xom.
  1664 | D:2      | Found an iron altar of Okawaru.
  2013 | D:3      | Reached XP level 5. HP: 42/42 MP: 5/5
  2087 | D:3      | Noticed Terence
  2105 | D:3      | HP: 2/42 [orc priest/nerve-wracking pain (13)]
  2105 | D:3      | Slain by Terence

Vault maps used:
D:1:      dpeg_arrival_court
D:2:      doesnt_xom_only_xom, lemuel_coloured_pillars_altar,
          nicolae_qazlal_general_emergency, uniq_jessica
D:3:      grunt_ministairs_11, kennysheep_generic_room_4, uniq_terence

Skill      XL: |  1  2  3 |
---------------+----------+-----
Armour         | 1 2 |  2.4
Axes           | 2 |  2.4
Fighting       | 4 |  4.2
Shields        | |  1.2
Unarmed Combat | |  2.0
Necromancy     | |  3.0
Evocations     | |  1.1

Action                   |  1- 3 |  4- 6 || total
-------------------------+-------+-------++-------
Melee: Short sword       |    29 |       ||    29
       Hand axe          |   107 |    86 ||   193
 Abil: Dig               |       |     1 ||     1
  Eat: Chunk             |     2 |     2 ||     4
Armor: Robe              |     5 |       ||     5
       Plate armour      |   134 |    74 ||   208
Dodge: Dodged            |    53 |    21 ||    74

Table legend:
 A = Non-vault XP
 B = Vault XP
 C = Vault XP percentage of total XP
 D = Non-vault monster count
 E = Vault monster count
 F = Vault count percentage of total count
 G = Total turns spent on level
                 A         B        C        D         E       F
            +---------+---------+-------+---------+---------+-------
      Total |     104 |      48 |  31.6 |      47 |       5 |   9.6
            +---------+---------+-------+---------+---------+-------
        D:1 |      41 |       0 |   0.0 |      21 |       0 |   0.0
        D:2 |      40 |      37 |  48.1 |      16 |       1 |   5.9
        D:3 |      23 |      11 |  32.4 |      10 |       4 |  28.6
            +---------+---------+-------+---------+---------+-------
